 Dungeon Crawl Stone Soup version 0.25-a0-302-g9f758675c1 (webtiles) character file.

Game seed: 15892101009968851817, levelgen mode: deterministic

132 MoonlitKnight the Chopper (level 5, 0/47 HPs)
             Began as a Hill Orc Fighter on Dec 20, 2019.
             Succumbed to a goblin's poison
             ... on level 3 of the Dungeon.
             The game lasted 00:02:59 (2104 turns).

MoonlitKnight the Chopper (Hill Orc Fighter)        Turns: 2104, Time: 00:02:59

Health: 0/47       AC:  8    Str: 20    XL:     5   Next: 15%
Magic:  5/5        EV:  7    Int:  8    God:
Gold:   144        SH:  9    Dex: 10    Spells: 4/4 levels left

rFire    . . .     SeeInvis .   a - +0 war axe
rCold    . . .     Gourm    .   c - +0 shield
rNeg     . . .     Faith    .   y - +0 scale mail
rPois    .         Spirit   .   (no helmet)
rElec    .         Reflect  .   w - +0 cloak
rCorr    .         Harm     .   (no gloves)
MR       .....                  (no boots)
Stlth    ..........             (no amulet)
HPRegen  0.15/turn              (no ring)
MPRegen  0.09/turn              (no ring)

@: lethally poisoned (0 -> -22)
A: no striking features
a: no special abilities


You were on level 3 of the Dungeon.
You were not hungry.

You visited 1 branch of the dungeon, and saw 3 of its levels.

You collected 144 gold pieces.

Inventory:

Hand Weapons
 a - a +0 war axe (weapon)
 b - a +0 hunting sling
Missiles
 q - 23 sling bullets
Armour
 c - a +0 shield (worn)
 w - a +0 cloak (worn)
 y - a +0 scale mail (worn)
Jewellery
 v - an uncursed ring of see invisible {unknown}
Scrolls
 e - 3 scrolls of identify {unknown}
 k - 4 scrolls of magic mapping {unknown}
 l - 4 scrolls of teleportation {unknown}
 m - a scroll of random uselessness {unknown}
 n - a scroll of amnesia {unknown}
 o - 3 scrolls of enchant weapon {unknown}
 s - 3 scrolls of remove curse {unknown}
 x - a scroll of immolation {unknown}
Potions
 d - 2 potions of might
 h - a potion of mutation {unknown}
 i - 3 potions of curing {unknown}
 j - 2 potions of lignification {unknown}
 p - a potion of agility {unknown}
 r - a potion of invisibility {unknown}
 t - a potion of ambrosia {unknown}
 u - a potion of brilliance {unknown}
 z - a potion of heal wounds {unknown}
 A - a potion of flight {unknown}
Comestibles
 f - 3 rations
 g - 6 chunks of flesh


   Skills:
 + Level 4.4 Fighting
 * Level 4.7 Axes
 + Level 4.0 Armour
 + Level 4.0 Shields


You had 4 spell levels left.
You didn't know any spells.
Your spell library was empty.

Dungeon Overview and Level Annotations

Branches:
Dungeon (3/15)

Altars:
Ashenzari

Annotations:
D:3 Robin


Message History

You hit the goblin.
* * * LOW HITPOINT WARNING * * *
You feel sick. The goblin hits you but does no damage.
You are lethally poisoned!
The goblin hits you with a +0 dagger.
* * * LOW HITPOINT WARNING * * *
You block the goblin's attack.
You closely miss the goblin.
The goblin is heavily wounded.
You closely miss the goblin.
* * * LOW HITPOINT WARNING * * *
You feel very sick. The goblin hits you with a +0 dagger.
* * * LOW HITPOINT WARNING * * *
You block the goblin's attack.
You closely miss the goblin.
The goblin is heavily wounded.
You hit the goblin.
You kill the goblin!
You die...

....... ....>..
....... .......
g...... .# .g%....
.#
###########gg.....
.#
#####.......g@)g#
.#
#.<.<.###########
.# #รท##### .###.#
.#...# ...### .###
.######. ........


You could see Robin, 3 hobgoblins and a goblin.

Vanquished Creatures
  5 adders
  An ooze (D:1)
  3 worms (D:2)
  A dart slug (D:1)
  A leopard gecko (D:1)
  An orc (D:2)
  6 bats
  5 giant cockroaches
  7 goblins
  8 hobgoblins
  14 jackals
  3 kobolds
  2 quokkas (D:2)
  2 frilled lizards (D:2)
  4 rats
63 creatures vanquished.

Notes
Turn   | Place    | Note
-------+----------+-------------------------------------------
     0 | D:1      | MoonlitKnight the Hill Orc Fighter began the quest for the
                  | Orb.
     0 | D:1      | Reached XP level 1. HP: 19/19 MP: 1/1
    43 | D:1      | Reached XP level 2. HP: 27/27 MP: 2/2
   386 | D:1      | Found a shattered altar of Ashenzari.
   660 | D:1      | Reached XP level 3. HP: 33/33 MP: 3/3
  1109 | D:2      | Reached XP level 4. HP: 37/40 MP: 4/4
  1963 | D:3      | Reached XP level 5. HP: 42/47 MP: 5/5
  2093 | D:3      | Noticed Robin
  2104 | D:3      | Succumbed to a goblin's poison

Levels and vault maps discovered:
D:1:      matt_arrival_debris, layout_basic, minmay_hexomino_r4
D:2:      layout_basic
D:3:      layout_rooms, tso_altar, serial_bayou_pond_d, uniq_grinder,
          uniq_robin, uniq_jessica

Skill      XL: |  1  2  3  4 |
---------------+-------------+-----
Axes           | 3 4 |  4.7
Fighting       | 4 |  4.4
Armour         | 4 |  4.0
Shields        | 4 |  4.0

Action                   |  1- 3 |  4- 6 || total
-------------------------+-------+-------++-------
Melee: War axe           |    91 |   135 ||   226
  Eat: Chunk             |     1 |     3 ||     4
Armor: Scale mail        |    33 |    72 ||   105
Dodge: Dodged            |    30 |    36 ||    66
Block: Shield            |    48 |    78 ||   126

Table legend:
 A = Non-vault XP
 B = Vault XP
 C = Vault XP percentage of total XP
 D = Non-vault monster count
 E = Vault monster count
 F = Vault count percentage of total count
                 A         B        C        D         E       F
            +---------+---------+-------+---------+---------+-------
      Total |     175 |      14 |   7.4 |      55 |       8 |  12.7
            +---------+---------+-------+---------+---------+-------
        D:1 |      34 |       4 |  10.5 |      14 |       3 |  17.6
        D:2 |     120 |       0 |   0.0 |      36 |       0 |   0.0
        D:3 |      21 |      10 |  32.3 |       5 |       5 |  50.0
            +---------+---------+-------+---------+---------+-------
